 Dungeon Crawl Stone Soup version 0.22.1-1-ga44c0e5 (webtiles) character file.

3667 eccles the Cleaver (level 9, 0/127 HPs)
             Began as a Minotaur Berserker on Oct 9, 2018.
             Was an Elder of Trog.
             Killed by vampiric draining
             ... invoked by a vampire
              (4 damage)
             ... on level 9 of the Dungeon.
             The game lasted 00:34:54 (7149 turns).

eccles the Cleaver (Minotaur Berserker)             Turns: 7149, Time: 00:34:55

Health: 0/127      AC: 17    Str: 28    XL:     9   Next: 89%
Magic:  8/8        EV:  7    Int:  8    God:    Trog [****..]
Gold:   463        SH:  2    Dex: 12    Spells: 8/8 levels left

rFire    . . .     SeeInvis .   e - +0 hand axe (chop)
rCold    . . .     Gourm    .   (no shield)
rNeg     . . .     Faith    .   w - +0 plate armour
rPois    +         Spirit   .   (helmet restricted)
rElec    .         Reflect  +   E - +2 cloak {rPois}
rCorr    .         Harm     .   n - +1 pair of gloves
MR       .....                  (no boots)
Stlth    ..........             y - +2 amulet of reflection
HPRegen  0.31/turn              h - +2 ring of slaying
MPRegen  0.11/turn              F - +4 ring of intelligence

@: berserking, heavily drained, very quick
A: retaliatory headbutt, horns 2
a: Berserk, Trog's Hand, Brothers in Arms, Renounce Religion


You were on level 9 of the Dungeon.
You worshipped Trog.
Trog was greatly pleased with you.
You were not hungry.

You visited 1 branch of the dungeon, and saw 9 of its levels.

You collected 463 gold pieces.

Inventory:

Hand Weapons
 a - a +0 hand axe
 e - a +0 hand axe of chopping (weapon)
 m - a +2 mace of protection
 s - a +0 hand axe of holy wrath
 N - a +0 battleaxe
Missiles
 z - 13 tomahawks (quivered)
Armour
 b - a +0 animal skin
 n - a +1 pair of gloves (worn)
 o - a +0 leather armour
 w - a +0 plate armour (worn)
 E - a +2 cloak of poison resistance (worn)
Jewellery
 h - a +2 ring of slaying (left hand)
 k - an uncursed amulet of magic regeneration
 y - a +2 amulet of reflection (around neck)
 B - an uncursed ring of fire
 F - a +4 ring of intelligence (right hand)
 Q - an uncursed amulet of harm
Wands
 J - a wand of paralysis (14)
 P - a wand of digging (13)
Scrolls
 i - 4 scrolls of teleportation
 j - a scroll of magic mapping
 p - 3 scrolls of immolation
 q - 2 scrolls of enchant armour
 u - 7 scrolls of remove curse
 v - 3 scrolls of fog
 D - 2 scrolls of amnesia
 I - a scroll of blinking
 M - a scroll of random uselessness {unknown}
Potions
 d - 3 potions of invisibility {unknown}
 f - 3 potions of degeneration {unknown}
 g - 5 potions of brilliance {unknown}
 l - 8 potions of curing {unknown}
 r - 2 potions of haste {unknown}
 t - a potion of berserk rage {unknown}
 x - 4 potions of heal wounds {unknown}
 A - a potion of magic {unknown}
 C - 2 potions of might {unknown}
 G - 4 potions of ambrosia {unknown}
 H - a potion of resistance {unknown}
 K - a potion of mutation {unknown}
 L - a potion of lignification {unknown}
 O - a potion of agility {unknown}
Comestibles
 c - 13 rations


   Skills:
 * Level 9.9(7.4) Fighting
 * Level 12.7(9.9) Axes
 + Level 6.5(4.2) Armour
 + Level 3.2(1.1) Dodging
 + Level 0.3(0.0) Stealth


You had 8 spell levels left.
You didn't know any spells.
Your spell library was empty.

Dungeon Overview and Level Annotations

Branches:
Dungeon (9/15)             Temple (0/1) D:5
   Lair: D:8-11         Orc: D:9-12

Altars:
Ashenzari
Cheibriados
Dithmenos
Gozag
Makhleb
Nemelex Xobeh
Trog
Uskayaw
Wu Jian
Zin

Shops:
D:6 =   D:8 =


Innate Abilities, Weirdness & Mutations

You reflexively headbutt those who attack you in melee.
You have a pair of horns on your head.


Message History

Something hits you but does no damage. Something bites you!
Something draws strength from your injuries!
A red film seems to cover your vision as you go berserk!
You feel yourself moving faster!
You feel mighty!
You feel a lot more hungry.
Unholy energy fills the air.
* * * LOW HITPOINT WARNING * * *
You hit something. You headbutt something! Something hits you.
* * * LOW HITPOINT WARNING * * *
Something bites you but does no damage.
You barely miss something. You headbutt something.
You hit something but do no damage. Your headbutt misses something.
Something hits you!
* * * LOW HITPOINT WARNING * * *
Something bites you!
* * * LOW HITPOINT WARNING * * *
Something draws strength from your injuries!
You slash something! Your headbutt misses something.
You are too berserk!
You closely miss something.
Unholy energy fills the air.
You die...

#. #. .. ####.# ..
..... #. #...
.##.###..#
.........# # #.
#@#
###.##.###{##.###.
.......<..........
.............)...[
###.#######[######
# .# ##


There were no monsters in sight!

Vanquished Creatures
  2 hornets (D:8)
  A soldier ant (D:8)
  Duvessa (D:7)
  2 orc warriors
  An ice beast (D:8)
  2 sky beasts
  A centaur (D:8)
  2 phantoms (D:8)
  2 ogres (D:7)
  2 big kobolds
  5 bullfrogs
  Dowan (D:7)
  5 scorpions
  8 wights (D:8)
  2 howler monkeys
  A crimson imp (D:7)
  3 bullfrog skeletons
  3 hounds
  7 orc priests
  6 orc wizards
  Crazy Yiuf (D:5)
  A gnoll shaman (D:5)
  3 worker ants
  2 iguanas
  A hound skeleton (D:5)
  4 gnolls (D:5)
  9 adders
  3 shadow imps
  3 oozes
  An adder skeleton (D:4)
  2 worms
  A dart slug (D:3)
  4 leopard geckos
  25 orcs
  3 ball pythons
  4 bats
  3 giant cockroaches
  4 goblins
  8 hobgoblins
  4 jackals (D:8)
  11 kobolds
  2 quokkas
  6 frilled lizards
  A leopard gecko skeleton (D:7)
  A quokka skeleton (D:4)
  5 rats
  A plant (D:4)
170 creatures vanquished.

Notes
Turn   | Place    | Note
-------+----------+-------------------------------------------
     0 | D:1      | eccles the Minotaur Berserker began the quest for the Orb.
     0 | D:1      | Reached XP level 1. HP: 19/19 MP: 0/0
   283 | D:1      | Reached XP level 2. HP: 12/27 MP: 1/1
   511 | D:1      | Reached skill level 4 in Axes
   920 | D:2      | Noticed a howler monkey
   931 | D:2      | Killed a howler monkey
   931 | D:2      | Reached XP level 3. HP: 12/34 MP: 2/2
  1359 | D:2      | You fall through a shaft for 2 floors!
  1363 | D:4      | Reached XP level 4. HP: 38/41 MP: 3/3
  1367 | D:4      | Reached skill level 5 in Axes
  1370 | D:4      | Reached ** piety under Trog
  1656 | D:3      | Reached XP level 5. HP: 42/47 MP: 4/4
  1684 | D:3      | Reached skill level 5 in Fighting
  2094 | D:3      | Found a snail-covered altar of Cheibriados.
  2598 | D:4      | Reached skill level 6 in Axes
  2605 | D:4      | Reached XP level 6. HP: 42/56 MP: 5/5
  2679 | D:4      | Found an opulent altar of Gozag.
  2680 | D:4      | Found a sparkling altar of Nemelex Xobeh.
  2860 | D:4      | Found a glowing silver altar of Zin.
  3041 | D:4      | Reached skill level 7 in Axes
  3127 | D:5      | Entered Level 5 of the Dungeon
  3173 | D:5      | Reached XP level 7. HP: 12/63 MP: 6/6
  3487 | D:5      | Found a runed door.
  3491 | D:5      | Noticed Crazy Yiuf
  3499 | D:5      | Killed Crazy Yiuf
  3628 | D:5      | Found a staircase to the Ecumenical Temple.
  3743 | D:5      | Found a burning altar of Makhleb.
  3911 | D:6      | Reached skill level 8 in Axes
  3930 | D:6      | Found Xaos's Jewellery Boutique.
  3948 | D:6      | Reached *** piety under Trog
  4640 | D:6      | Reached skill level 9 in Axes
  4640 | D:6      | Reached XP level 8. HP: 64/73 MP: 7/7
  4685 | D:6      | Found a shattered altar of Ashenzari.
  4925 | D:7      | Reached skill level 10 in Axes
  4925 | D:7      | Reached skill level 5 in Armour
  5434 | D:7      | Found a bloodstained altar of Trog.
  5514 | D:7      | Reached **** piety under Trog
  5532 | D:7      | Noticed Dowan
  5534 | D:7      | Noticed Duvessa
  5540 | D:7      | Killed Duvessa
  5540 | D:7      | Reached skill level 11 in Axes
  5542 | D:7      | Killed Dowan
  5542 | D:7      | Reached XP level 9. HP: 81/81 MP: 8/8
  6045 | D:8      | Found an ornate altar of the Wu Jian Council.
  6052 | D:8      | Found Idopn's Jewellery Shoppe.
  6090 | D:8      | Found a shadowy altar of Dithmenos.
  6459 | D:8      | Reached skill level 12 in Axes
  6749 | D:8      | Found a hide-covered altar of Uskayaw.
  7147 | D:9      | HP: 3/127 [something (9)]
  7149 | D:9      | Killed from afar by a vampire

Skill      XL: |  1  2  3  4  5  6  7  8  9 |
---------------+----------------------------+-----
Axes           | 4 5 6 7 9 11 12 | 12.7
Fighting       | 4 5 6 7 8 9 |  9.9
Armour         | 3 4 5 6 |  6.5
Dodging        | 3 |  3.2
Stealth        | |  0.3

Action                   |  1- 3 |  4- 6 |  7- 9 || total
-------------------------+-------+-------+-------++-------
Melee: Hand axe          |    44 |   116 |   320 ||   480
       Headbutt          |     6 |    33 |    84 ||   123
Invok: Berserk           |     1 |     1 |     3 ||     5
  Use: Scroll            |     3 |     1 |     5 ||     9
  Eat: Chunk             |     1 |     7 |    10 ||    18
       Ration            |       |       |     2 ||     2
Armor: Animal skin       |     3 |       |       ||     3
       Leather armour    |     2 |     5 |       ||     7
       Plate armour      |       |    51 |   168 ||   219
Dodge: Dodged            |    32 |    35 |    85 ||   152
Block: Other             |       |       |     9 ||     9
